 Dungeon Crawl Stone Soup version 0.26.1-2-gb8aa6d0cf2 (webtiles) character file.

Game seed: 10262852418748835243

18100 sizableburger the Slicer (level 12, -3/92 HPs)
             Began as a Purple Draconian Hedge Wizard on Mar 11, 2021.
             Was an Elder of Kikubaaqudgha.
             Slain by a catoblepas (15 damage)
             ... on level 4 of the Lair of Beasts on Mar 12, 2021.
             The game lasted 01:19:01 (21616 turns).

sizableburger the Slicer (DrWz)                    Turns: 21616, Time: 01:19:01

Health: -3/92      AC: 16    Str: 13    XL:     12   Next: 24%
Magic:  0/21       EV:  7    Int: 26    God:    Kikubaaqudgha [****..]
Gold:   1567       SH:  0    Dex: 12    Spells: 2/23 levels left

rFire    . . .     SeeInvis .   s - +6 dagger of the Vanishing Dances {freeze, *Drain rPois Int+2}
rCold    . . .     Faith    .   (no shield)
rNeg     . . .     Spirit   +   (armour unavailable)
rPois    +         Reflect  .   b - +2 hat
rElec    .         Harm     .   (no cloak)
rCorr    .         Rampage  .   M - +2 pair of gloves
Will     +....                  D - +2 pair of boots
Stlth    ++++......             r - amulet of guardian spirit
HPRegen  0.25/turn              u - +6 ring of intelligence
MPRegen  0.17/turn              F - ring of stealth

@: brilliant, petrifying, very slow
A: breathe power, unfitting armour, cold-blooded, AC +8
a: Breathe Dispelling Energy, Renounce Religion, Receive Corpses


You were on level 4 of the Lair of Beasts.
You worshipped Kikubaaqudgha.
Kikubaaqudgha was greatly pleased with you.
You visited 3 branches of the dungeon, and saw 16 of its levels.

You collected 1567 gold pieces.

Inventory:

Hand Weapons
 s - the +6 dagger of the Vanishing Dances (weapon) {freeze, *Drain rPois Int+2}
   (You found it on level 4 of the Dungeon)

   It has been specially enchanted to freeze those struck by it, causing extra
   injury to most foes and up to half again as much damage against particularly
   susceptible opponents.
   It can also slow down cold-blooded creatures.
   It affects your intelligence (+2).
   It protects you from poison.
   It causes draining when unequipped.
Armour
 b - a +2 hat (worn)
 m - a +0 buckler
 D - a +2 pair of boots (worn)
 M - a +2 pair of gloves (worn)
Magical Staves
 i - an uncursed staff of cold
Jewellery
 r - an amulet of guardian spirit (around neck)
 u - a +6 ring of intelligence (left hand)
 F - a ring of stealth (right hand)
 H - an uncursed ring of resist corrosion
Wands
 t - a wand of random effects (13)
 A - a wand of enslavement (12)
 C - a wand of flame (35)
 E - a wand of acid (7)
 G - a wand of paralysis (5)
 J - a wand of polymorph (7)
 K - a wand of digging (5)
Scrolls
 f - 8 scrolls of remove curse
 g - 3 scrolls of fog
 q - 3 scrolls of identify
 v - 2 scrolls of enchant armour
 w - 2 scrolls of immolation
 y - 2 scrolls of blinking {unknown}
 I - a scroll of enchant weapon
 L - a scroll of teleportation
Potions
 a - a potion of brilliance
 c - 4 potions of flight
 d - 7 potions of curing
 e - 2 potions of might
 h - 2 potions of heal wounds
 j - a potion of degeneration
 k - 3 potions of lignification
 l - a potion of mutation
 n - 3 potions of haste
 x - a potion of berserk rage
 z - a potion of magic {unknown}
 B - a potion of invisibility {unknown}


   Skills:
 + Level 4.6 Fighting
 - Level 10.0 Short Blades
 - Level 3.0 Dodging
 - Level 5.5 Stealth
 + Level 1.9 Shields
 + Level 6.3 Spellcasting
 + Level 4.5 Conjurations
 - Level 6.1 Hexes
 - Level 4.2 Summonings
 + Level 6.0 Necromancy
 - Level 3.0 Translocations
 - Level 5.0 Air Magic
 - Level 7.0 Poison Magic
 - Level 6.7 Evocations


You had 2 spell levels left.
You knew the following spells:

 Your Spells              Type           Power        Failure   Level
a - Magic Dart            Conj           100%         1%          1
b - Call Imp              Summ           45%          1%          2
c - Mephitic Cloud        Conj/Pois/Air  53%          1%          3
d - Blink                 Tloc           N/A          3%          2
e - Vampiric Draining     Necr           28%          1%          3
f - Conjure Flame         Conj/Fire      30%          8%          3
g - Slow                  Hex            57%          1%          2
h - Agony                 Necr           56%          16%         5

Your spell library contained the following spells:

 Spells                   Type           Power        Failure   Level
 Animate Skeleton         Necr           100%         1%          1
 Apportation              Tloc           70%          1%          1
 Corona                   Hex            63%          1%          1
 Pain                     Necr           100%         1%          1
 Summon Small Mammal      Summ           100%         1%          1
 Sublimation of Blood     Necr           28%          1%          2
 Confusing Touch          Hex            57%          1%          3
 Dispel Undead            Necr           56%          5%          4
 Gell's Gravitas          Tloc           17%          6%          3
 Metabolic Englaciation   Hex/Ice        18%          45%         5
 Yara's Violent Unravell  Hex/Tmut       18%          45%         5
 Borgnjor's Vile Clutch   Necr/Erth      17%          47%         5
 Petrify                  Tmut/Erth      12%          54%         4
 Death Channel            Necr           28%          65%         6
 Simulacrum               Ice/Necr       17%          96%         6


Dungeon Overview and Level Annotations

Branches:
Dungeon (11/15)            Temple (1/1) D:5            Lair (4/6) D:11
  Swamp (0/4) Lair:3        Snake (0/4) Lair:4          Orc (0/2) D:9

Altars:
Ashenzari
Cheibriados
Dithmenos
Elyvilon
Fedhas
Gozag
Hepliaklqana
Kikubaaqudgha
Makhleb
Nemelex Xobeh
Okawaru
Qazlal
Ru
Sif Muna
Trog
Uskayaw
Vehumet
Wu Jian
Xom
Yredelemnul
Zin
The Shining One

Annotations:
D:5 1 runed translucent door, axecop's ghost, weakling NaDe


Innate Abilities, Weirdness & Mutations

You can breathe bolts of dispelling energy.
Your rich purple scales are hard. (AC +8)
You cannot fit into any form of body armour.
You are cold-blooded and may be slowed by cold attacks.


Message History

Your white imp hits the catoblepas but does no damage.
You are engulfed in calcifying dust.
The catoblepas breathes a plume of calcifying dust at you.
The blast of calcifying dust hits you but does no damage.
Your white imp gestures at the catoblepas.
The puff of frost hits the catoblepas but does no damage.
You are engulfed in calcifying dust.
The catoblepas breathes a plume of calcifying dust at you.
The blast of calcifying dust hits you!
* * * LOW HITPOINT WARNING * * *
Your white imp hits the catoblepas but does no damage.
You turn to flesh and can move again.
Unknown command.
Okay, then.
You feel clever all of a sudden.
You are engulfed in calcifying dust.
You are slowing down.
The catoblepas gores you!!
You die...
Kikubaaqudgha rasps: "You have failed me!
Welcome... death!"

### ###### #.###.P..##
#..>......## ##
##....P.....# .#
#..........##
.###..........#### # .
....#.........##Y#.+....
.##...........'5@5......
.###...........#####....
## ##.........## . #
#.###.#+### # ### ##..#
# ##5.## ## #..## .# ###
#.### ## #.###'5P######


You could see a catoblepas and 2 friendly white imps.

Vanquished Creatures
  Harold (D:9)
  2 hydras
  A death yak (Lair:1)
  A centaur warrior (D:11)
  A two-headed ogre (D:9)
  4 black mambas
  A centaur zombie (D:11)
  A centaur skeleton (D:10)
  4 cane toads
  3 komodo dragons (Lair:1)
  A rime drake (Lair:1)
  A troll (D:11)
  A polar bear (Lair:2)
  A blink frog (Lair:2)
  A wraith (D:11)
  20 yaks
  4 wyverns
  Edmund (D:5)
  2 nagas (Lair:4)
  5 water moccasins
  5 sky beasts
  5 orc warriors
  2 ice beasts
  6 ogres
  A wolf (Lair:4)
  A phantom (D:9)
  5 centaurs
  A big kobold (D:9)
  10 bullfrogs
  A wyvern zombie (D:9)
  A wyvern skeleton (D:9)
  5 scorpions
  7 killer bees
  11 howler monkeys
  4 bullfrog zombies
  2 jellies
  4 bullfrog skeletons
  9 orc priests
  3 hounds
  8 orc wizards
  7 worker ants
  2 iguanas
  A hell rat (D:11)
  A hound zombie (D:6)
  11 adders
  8 river rats
  3 shadow imps
  2 white imps
  An ufetubus (D:5)
  An ooze (D:4)
  A worm (D:2)
  A dart slug (D:4)
  6 leopard geckos
  44 orcs
  7 bats
  4 giant cockroaches
  9 hobgoblins
  3 jackals (D:2)
  10 kobolds
  4 quokkas
  A ball python (D:1)
  A frilled lizard (D:1)
  6 goblins
  A leopard gecko skeleton (D:8)
  A quokka skeleton (D:4)
  7 rats
290 creatures vanquished.

Vanquished Creatures (collateral kills)
  2 blink frogs (Lair:2)
  A wraith (D:11)
  A naga (Lair:4)
  Menkaure (D:5)
  4 water moccasins
  An ogre (D:4)
  A centaur (D:6)
  A centaur zombie (D:5)
  A jelly (D:6)
  A bullfrog zombie (D:11)
  A centaur skeleton (D:6)
  A hell rat (D:11)
  3 gnolls (D:5)
  A white imp (D:6)
  A worm (D:5)
  3 orcs
  A rat (Lair:1)
25 creatures vanquished.

Vanquished Creatures (others)
  A yak (D:11)
  A killer bee (D:7)
  An orc priest (D:7)
  15 fungi
  15 plants
  7 toadstools (Lair:1)
  2 withered plants (D:5)
42 creatures vanquished.

Grand Total: 357 creatures vanquished

Notes
Turn   | Place    | Note
-------+----------+-------------------------------------------
     0 | D:1      | sizableburger the Draconian Hedge Wizard began the quest
                  | for the Orb.
     0 | D:1      | Reached XP level 1. HP: 14/14 MP: 4/4
   362 | D:1      | Reached skill level 1 in Short Blades
   562 | D:1      | Reached XP level 2. HP: 20/20 MP: 3/6
   593 | D:1      | Learned a level 2 spell: Call Imp
  1966 | D:2      | Reached XP level 3. HP: 24/26 MP: 0/7
  2808 | D:4      | Reached skill level 2 in Short Blades
  2808 | D:4      | Reached XP level 4. HP: 27/33 MP: 0/8
  2968 | D:4      | Got a pitted dagger
  2969 | D:4      | Identified the +6 dagger of the Vanishing Dances {freeze,
                  | *Drain rPois Int+2} (You found it on level 4 of the
                  | Dungeon)
  3000 | D:4      | Noticed an ogre
  3101 | D:4      | Killed an ogre
  3102 | D:4      | Reached XP level 5. HP: 17/38 MP: 0/9
  3337 | D:4      | Noticed an ogre
  3349 | D:4      | Killed an ogre
  3350 | D:4      | Reached skill level 3 in Short Blades
  3581 | D:3      | Learned a level 3 spell: Mephitic Cloud
  3781 | D:3      | Noticed a sky beast
  3823 | D:3      | Killed a sky beast
  3824 | D:3      | Reached skill level 1 in Poison Magic
  3824 | D:3      | Reached XP level 6. HP: 45/45 MP: 4/10
  5298 | D:5      | Entered Level 5 of the Dungeon
  5298 | D:5      | Found a staircase to the Ecumenical Temple.
  5298 | D:5      | Noticed Menkaure
  5298 | D:5      | Noticed Edmund
  5436 | D:5      | Reached skill level 4 in Short Blades
  5436 | D:5      | Your scales start taking on a rich purple colour.
  5436 | D:5      | Reached XP level 7. HP: 50/50 MP: 1/12
  5704 | Temple   | Entered the Ecumenical Temple
  5712 | Temple   | Became a worshipper of Kikubaaqudgha
  5977 | D:5      | Killed Menkaure
  6163 | D:5      | Killed Edmund
  6164 | D:5      | Reached skill level 1 in Fighting
  6164 | D:5      | Reached skill level 1 in Necromancy
  6288 | D:5      | Found a hazy altar of Hepliaklqana.
  6293 | D:5      | Found a hide-covered altar of Uskayaw.
  6294 | D:5      | Found a sparkling altar of Nemelex Xobeh.
  6387 | D:5      | Found a runed translucent door.
  6388 | D:5      | Noticed axecop's ghost (weakling NaDe)
  6531 | D:5      | Reached XP level 8. HP: 55/61 MP: 3/14
  6615 | D:5      | Reached skill level 5 in Short Blades
  6638 | D:5      | Learned a level 2 spell: Blink
  7240 | D:6      | Reached * piety under Kikubaaqudgha
  7240 | D:6      | Identified Kikubaaqudgha's Volume of Necromancy
                  | (Kikubaaqudgha gifted it to you on level 6 of the Dungeon)
  7240 | D:6      | Received a gift from Kikubaaqudgha
  7402 | D:6      | Learned a level 3 spell: Vampiric Draining
  8387 | D:7      | Reached skill level 6 in Short Blades
  8388 | D:7      | Reached skill level 1 in Air Magic
  8663 | D:7      | Reached XP level 9. HP: 70/70 MP: 11/15
  9214 | D:7      | Reached ** piety under Kikubaaqudgha
  9407 | D:7      | Learned a level 3 spell: Conjure Flame
  9723 | D:8      | You fall into a shaft and drop 3 floors!
  9746 | D:11     | Noticed a troll
  9780 | D:10     | Entered Level 10 of the Dungeon
 10379 | D:11     | Learned a level 2 spell: Slow
 10508 | D:11     | Killed a troll
 10509 | D:11     | Reached skill level 7 in Short Blades
 10509 | D:11     | Reached skill level 1 in Hexes
 11278 | D:11     | Found a staircase to the Lair.
 11345 | D:11     | Reached skill level 5 in Stealth
 11465 | D:10     | Reached XP level 10. HP: 64/77 MP: 4/16
 12125 | D:10     | Paralysed by an orc for 5 turns
 12268 | D:10     | Reached skill level 1 in Evocations
 12962 | D:9      | Noticed a two-headed ogre
 12971 | D:9      | Killed a two-headed ogre
 12972 | D:9      | Reached skill level 8 in Short Blades
 12972 | D:9      | Reached skill level 5 in Air Magic
 13297 | D:10     | Reached *** piety under Kikubaaqudgha
 13297 | D:10     | Identified Kikubaaqudgha's Papyrus of Sinister Rituals
                  | (Kikubaaqudgha gifted it to you on level 10 of the Dungeon)
 13297 | D:10     | Received a gift from Kikubaaqudgha
 13448 | D:9      | Reached skill level 5 in Hexes
 13593 | D:9      | Found a staircase to the Orcish Mines.
 13761 | D:9      | Found a shimmering altar of Xom.
 13761 | D:9      | Found a shimmering altar of Xom.
 13787 | D:9      | Noticed Harold
 13830 | D:9      | Killed Harold
 13831 | D:9      | Reached skill level 5 in Poison Magic
 13880 | D:9      | Reached XP level 11. HP: 70/82 MP: 7/17
 14331 | D:8      | Identified a scroll of acquirement
 14331 | D:8      | Acquired 666 gold pieces
 14353 | D:8      | You fall into a shaft and drop 2 floors!
 14976 | Lair:1   | Entered Level 1 of the Lair of Beasts
 15144 | D:11     | Noticed a centaur warrior
 15161 | D:11     | Killed a centaur warrior
 15162 | D:11     | Reached skill level 5 in Evocations
 15280 | D:11     | Reached skill level 9 in Short Blades
 15463 | D:11     | Reached **** piety under Kikubaaqudgha
 15871 | Lair:1   | Noticed a death yak
 16159 | Lair:1   | Killed a death yak
 16168 | Lair:1   | Reached skill level 5 in Necromancy
 16854 | Lair:1   | Reached skill level 5 in Spellcasting
 16883 | Lair:1   | Noticed a catoblepas
 16883 | Lair:1   | Noticed a dire elephant
 16904 | Lair:1   | Found a runed translucent door.
 18932 | Lair:3   | Found a gate leading to a gauntlet.
 19546 | Lair:3   | Found a staircase to the Swamp.
 19554 | Lair:3   | Noticed a seven-headed hydra
 19583 | Lair:3   | Killed a seven-headed hydra
 19584 | Lair:3   | Reached XP level 12. HP: 53/91 MP: 8/20
 19926 | Lair:3   | Learned a level 5 spell: Agony
 20566 | Lair:4   | Noticed an eight-headed hydra
 20584 | Lair:4   | Killed an eight-headed hydra
 20827 | Lair:4   | Found a staircase to the Snake Pit.
 21106 | Lair:4   | Reached skill level 1 in Shields
 21559 | Lair:4   | Noticed a catoblepas
 21596 | Lair:4   | Reached skill level 10 in Short Blades
 21616 | Lair:4   | Slain by a catoblepas

Illustrated notes

Levels and vault maps discovered:
D:1:      dpeg_arrival_tiny_a, layout_basic
D:2:      layout_basic
D:3:      layout_basic
D:4:      minmay_evil_eye, layout_basic, minmay_goblin_kobold_house
D:5:      layout_cave_pools, gammafunk_temple_overflow_forgotten, temple_pool_b,
          gammafunk_ghost_grave, uniq_menkaure, uniq_edmund
D:6:      layout_rooms
D:7:      layout_basic, grunt_decor_arrowhead, uniq_joseph
D:8:      layout_basic
D:9:      layout_rooms, xom_redecorated, david_orc_4, uniq_harold
D:10:     layout_rooms, st_stairs_3
D:11:     layout_grid_maze, lair_entry_dummy
Temple:   nicolae_temple_no_exploring_needed
Lair:1:   gammafunk_lair_enchanted_lake, layout_gridlike, kennysheep_rathole,
          serial_bayou_shore_a
Lair:2:   layout_regular_city, st_stairs_5
Lair:3:   layout_gridlike, swamp_mist_pool, gauntlet_entry_generic,
          infiniplex_staircase_pool_2
Lair:4:   layout_roguey, minmay_snake_entry_guardpost_medium

Skill      XL: |  1  2  3  4  5  6  7  8  9 10 11 12 |
---------------+-------------------------------------+-----
Short Blades   | 1 2 3 4 6 7 8 9 10 | 10.0
Conjurations   | 2 3 4 |  4.5
Summonings     | 2 3 4 |  4.2
Poison Magic   | 1 2 3 4 5 7 |  7.0
Spellcasting   | 4 5 6 |  6.3
Fighting       | 2 3 4 |  4.6
Necromancy     | 1 3 4 5 6 |  6.0
Translocations | 3 |  3.0
Stealth        | 3 5 |  5.5
Air Magic      | 1 4 5 |  5.0
Hexes          | 2 5 6 |  6.1
Dodging        | 3 |  3.0
Evocations     | 4 6 |  6.7
Shields        | 1 |  1.9

Action                   |  1- 3 |  4- 6 |  7- 9 | 10-12 || total
-------------------------+-------+-------+-------+-------++-------
Melee: Dagger            |    50 |   100 |   294 |   614 ||  1058
       Tailslap          |     4 |     6 |    37 |    77 ||   124
 Cast: Magic Dart        |   100 |    28 |       |     1 ||   129
       Call Imp          |       |    12 |    51 |    68 ||   131
       Mephitic Cloud    |       |     9 |    31 |    64 ||   104
       Vampiric Draining |       |       |     3 |     3 ||     6
       Blink             |       |       |     2 |     7 ||     9
       Conjure Flame     |       |       |     1 |     7 ||     8
       Slow              |       |       |       |     8 ||     8
       Agony             |       |       |       |     3 ||     3
Invok: Receive Corpses   |       |       |       |     1 ||     1
 Abil: Breathe Dispellin |       |       |     1 |     5 ||     6
Evoke: Wand              |       |       |     7 |     2 ||     9
  Use: Scroll            |       |    11 |    11 |     7 ||    29
       Potion            |       |       |       |     1 ||     1
 Stab: Sleeping          |     2 |     2 |     4 |     7 ||    15
       Confused          |       |     3 |    16 |    40 ||    59
       Distracted        |       |       |     1 |     2 ||     3
       Paralysed         |       |       |       |     1 ||     1
       Petrified         |       |       |       |     2 ||     2
Armor: Skin              |    18 |    38 |   100 |   154 ||   310
Dodge: Dodged            |    49 |    61 |   160 |   275 ||   545
